[Event "*** Biggest EVER Titled Tuesday"]
[Site "Chess.com"]
[Date "2018.04.17"]
[Round "9"]
[White "SabinoBrunello"]
[Black "Arystanner23"]
[Result "1-0"]
[WhiteElo "2650"]
[BlackElo "2495"]
[TimeControl "180+2"]
[EndTime "15:09:25 PDT"]
[Termination "SabinoBrunello won by resignation"]

1. c4 Nf6 2. b3 g6 3. Bb2 Bg7 4. Nf3 O-O 5. g3 d6 6. d4 c5 7. Bg2 Nc6 8. O-O cxd4 9. Nxd4 Nxd4 10. Qxd4 Nh5 11. Qd2 Bxb2 12. Qxb2 Qc7 13. Nc3 Nf6 14. Rac1 a6 15. Rfd1 Be6 16. e3 Rfc8 17. Qd2 Rab8 18. h3 Qa5 19. Nd5 Qxd2 20. Nxf6+ exf6 21. Rxd2 b5 22. Rxd6 bxc4 23. bxc4 Rxc4 24. Rxc4 Bxc4 25. Rxf6 Rb1+ 26.
Kh2 Bxa2 27. Rxa6 Rb2 28. Kg1 Rb1+ 29. Kh2 Rb2 30. f3 Bc4 31. Ra1 Be2 32. Kg1 Bd3 33. g4 g5 34. Kh2 Re2 35. Kg3 Kg7 36. Ra3 Rd2 37. Ra5 h6 38. Rd5 Rd1 39. f4 gxf4+ 40. exf4 Bc2 41. Rc5 Rd3+ 42. Kh4 Rd2 43. Bf3 Rf2 44.
Kg3 Rd2 45. Rc7 Bd1 46. Be4 Rd4 47. Bf5 Kf6 48. Rc6+ Kg7 49. Bb1 Rd2 50. Rc7 Rb2 51. Be4 Bb3 52. Rb7 Re2 53. Bf3 Re3 54. Rd7 Ba4 55.
Rd6 Rc3 56. Kf2 Bb3 57. h4 Rc2+ 58. Ke3 Rc3+ 59. Rd3 Rxd3+ 60. Kxd3 Ba2 61. Kd4 Bb1 62. Ke5 f6+ 63. Ke6 Ba2+ 64. Ke7 Bb1 65. Bd5 Bd3 66. f5 Be2 67. g5 hxg5 68. hxg5 Bh5 69. gxf6+ Kh6 70. f7 Bxf7 71. Bxf7 1-0

[Event "*** Biggest EVER Titled Tuesday"]
[Site "Chess.com"]
[Date "2018.04.17"]
[Round "9"]
[White "nikitakhoroshev"]
[Black "Rakhmanov_Aleksandr"]
[Result "1/2-1/2"]
[WhiteElo "2535"]
[BlackElo "2683"]
[TimeControl "180+2"]
[EndTime "15:09:40 PDT"]
[Termination "Game drawn by agreement"]

1. d4 Nf6 2. Nc3 d5 3. Bg5 e6 4. e4 dxe4 5. Nxe4 Be7 6. Bxf6 gxf6 7. Nf3 a6 8. c3 b5 9. Bd3 Bb7 10. Qe2 Nd7 11. a4 b4 12. Rc1 f5 13. Ng3 bxc3 14. bxc3 O-O 15. O-O Bd6 16. Nh5 Kh8 17. Qe3 Rg8 18. g3 Rg6 19. Nf4 Rg7 20. c4 Rg4 21. Ne5 Nxe5 22. dxe5 Be7 23. Be2 Rxf4 24. Rcd1 Qe8 25.
Qxf4 Qc6 26. f3 Rg8 27. Kg2 Qxa4 28. Qd2 Bc8 29. Ra1 Qc6 30. Rfd1 Bc5 31. Qh6 Be7 32. Qe3 Bg5 33. Qd4 Be7 34. c5 Bxc5 35. Qc4 Qb6 36.
Rac1 Be3 37. Qxc7 Qxc7 38. Rxc7 a5 39. Rd3 Bb6 40. Rc6 Ba7 41. Rdc3 Bd4 42. Rxc8 Bxc3 43.
Rxc3 Rd8 44. Ra3 Rd5 45. f4 Kg7 46. Bf3 Rc5 47. h3 Kg6 48. g4 fxg4 49. hxg4 h6 50. Kg3 Kg7 51. f5 exf5 52. gxf5 Rxe5 53. Kf4 Kf6 54. Be4 Rc5 55. Rh3 Kg7 56. Rg3+ Kf6 57.
Rb3 a4 58. Rb6+ Ke7 59. f6+ Kd7 60. Ra6 Rc4 61. Ke5 h5 62. Ra7+ Ke8 63. Rxa4 Rxa4 64. Bc6+ Kf8 65. Bxa4 Kg8 66. Kf5 h4 67. Bc6 h3 68.
Be4 h2 69. Kg4 Kf8 70. Bc6 Kg8 71. Be4 Kf8 72. Kg3 Ke8 73. Kxh2 Kd7 74. Bd5 Kd6 75. Bxf7 Ke5 1/2-1/2

[Event "*** Biggest EVER Titled Tuesday"]
[Site "Chess.com"]
[Date "2018.04.17"]
[Round "9"]
[White "daro94"]
[Black "rasmussvane"]
[Result "1/2-1/2"]
[WhiteElo "2715"]
[BlackElo "2649"]
[TimeControl "180+2"]
[EndTime "15:10:05 PDT"]
[Termination "Game drawn - insufficient material"]

1. e4 c6 2. d3 d5 3. Nd2 e5 4. Ngf3 Bd6 5. g3 Nf6 6. Bg2 O-O 7. O-O Re8 8. Re1 a5 9. a4 Nbd7 10. b3 b6 11. Bb2 Bb7 12. Nh4 Qc7 13. Nf5 Bf8 14.
Qe2 g6 15. Ne3 Bg7 16. Rad1 Rad8 17. Ng4 Nxg4 18. Qxg4 Nc5 19. Qe2 Ne6 20. Nf3 Nd4 21. Nxd4 exd4 22. Qd2 dxe4 23. Rxe4 c5 24. Rxe8+ Rxe8 25.
Re1 Rxe1+ 26. Qxe1 Bh6 27. Qe8+ Kg7 28. c3 Bxg2 29.
Kxg2 Qb7+ 30. f3 Qd5 31. cxd4 Qxb3 32. Qe2 cxd4 33. Bxd4+ Kf8 34. Qe4 Qe6 35. Qxe6 fxe6 36. Bxb6 Bd2 37. Kf2 Ke7 38. Ke2 Bb4 39. d4 Kd6 40. Kd3 Kd5 41. Bc7 Be1 42. g4 Bb4 43. h3 Be1 44. Be5 Bb4 45. Bf6 Be1 46. Bg5 Bb4 47. Be3 Be1 48. Bc1 Bb4 49. Bb2 Bd6 50. Bc3 Bc7 51. Bd2 Bd8 52. Be1 Bc7 53. Bd2 Bb6 54. Bc3 Bc7 55. Be1 Bd8 56. Bg3 Bb6 57. Be5 Bd8 58. Bb8 Bb6 59. Bf4 Bd8 60. Be5 Bb6 61. Bf6 Bc7 62. Ke3 Kc4 63. Ke4 Kb3 64.
f4 Kxa4 65. f5 gxf5+ 66. gxf5 exf5+ 67. Kxf5 Kb5 68. d5 a4 69. Ke6 Ba5 70. d6 a3 71.
d7 a2 72. Ke7 Kc4 73. d8=Q Bxd8+ 74. Kxd8 Kd5 75. Ke7 Ke4 76. Ke6 Kf4 77. Be5+ Kg5 78. Bf6+ Kf4 79. Kf7 Kg3 80. h4 a1=Q 81. Bxa1 Kxh4 82.
Kg7 Kg4 83. Kxh7 1/2-1/2

[Event "*** Biggest EVER Titled Tuesday"]
[Site "Chess.com"]
[Date "2018.04.17"]
[Round "9"]
[White "WarlordX"]
[Black "LordIron"]
[Result "1-0"]
[WhiteElo "2299"]
[BlackElo "2173"]
[TimeControl "180+2"]
[EndTime "15:10:18 PDT"]
[Termination "WarlordX won on time"]

1. e4 c5 2. Nc3 e6 3. g3 Nc6 4. Bg2 Be7 5. d3 d6 6. f4 Nd4 7.
Be3 h5 8. h3 Nf6 9. Qd2 Bd7 10.
Nd1 Qc7 11. c3 Nc6 12. Nf3 g6 13. a3 Na5 14. Qc2 c4 15. d4 Nb3 16. Rb1 Ba4 17. Ng5 Nc5 18. Qd2 Nd3+ 19. Kf1 Bxd1 20. Rxd1 d5 21. e5 Nd7 22. Nf3 b5 23. Kg1 a5 24.
Bf1 b4 25. axb4 axb4 26. Bxd3 cxd3 27. Qxd3 Ra2 28. Rh2 Nb6 29. Qb5+ Nd7 30. cxb4 O-O 31. g4 Rb8 32. Qd3 hxg4 33. hxg4 Rxb4 34. Rdd2 Qc1+ 35.
Qf1 Qxf1+ 36. Kxf1 Nb6 37. Rc2 Nc4 38. Bc1 Rb3 39.
Rhf2 Bb4 40. f5 Ra1 41. Kg2 Rd3 42. fxe6 fxe6 43. Kg3 Rd1 44. b3 Rdxc1 45. Rxc1 Rxc1 46. bxc4 dxc4 47. Kf4 c3 48. Ke3 Rd1 49. Ng5 Rd2 50. Rxd2 cxd2 51. Ke2 Bc3 52. Nf3 Kf7 53. Nxd2 Bxd4 54.
Nf3 Bc3 55. Kd3 Bb2 56. Ke4 Bc1 57. Nd4 Bb2 58. Nc6 Bc3 59. Kf4 Bd2+ 60. Ke4 Bc3 61. Kd3 Bb2 62. Kc4 Bc1 63. Kc5 Ba3+ 64. Kb6 Ke8 65. Kc7 Kf7 66. Kd7 Bb2 67. Nd8+ Kg7 68.
Kxe6 Kh6 69. Nf7+ Kg7 70. Ng5 Kh6 71. Nf3 Kg7 72. Ke7 Ba3+ 73. Ke8 Bb2 74. g5 Bc3 75. e6 Bb2 76. Nd2 Bc1 77. Ne4 Bb2 78. Kd7 Ba3 79.
e7 Bxe7 80. Kxe7 1-0

[Event "*** Biggest EVER Titled Tuesday"]
[Site "Chess.com"]
[Date "2018.04.17"]
[Round "9"]
[White "pKiLz5Rn9b"]
[Black "Koksik_13"]
[Result "1-0"]
[WhiteElo "2640"]
[BlackElo "2504"]
[TimeControl "180+2"]
[EndTime "15:10:44 PDT"]
[Termination "pKiLz5Rn9b won on time"]

1. Nf3 d5 2. b3 Nc6 3. Bb2 Bg4 4.
d4 g6 5. e3 Bg7 6. Be2 Nf6 7. Nbd2 O-O 8. O-O Ne4 9. c4 Nxd2 10.
Qxd2 dxc4 11. bxc4 e5 12. d5 e4 13. Nd4 Bxe2 14.
Nxe2 Ne5 15. Qc2 Nd3 16. Bxg7 Kxg7 17. Rad1 f5 18. Nd4 Nc5 19. Qb2 Qf6 20. Rb1 b6 21.
Rfd1 Kg8 22. Qc2 Rae8 23. Nb3 Nd3 24. Nd4 f4 25. Ne6 f3 26. Nxf8 Qg5 27. g3 Qg4 28. Kh1 Qh3 29. Rg1 Rxf8 30. g4 g5 31. Rg3 Qh6 32. Rd1 Qf6 33. Kg1 Qe5 34. h3 Rf6 35. a3 Rh6 36. Rxd3 exd3 37. Qxd3 Rf6 38. Kh2 Qb2 39. Kg1 Qa1+ 40. Kh2 Qb2 41. Kg1 Qc1+ 42. Kh2 Qe1 43. Qc2 Qa1 44. Qe4 Qxa3 45. Rxf3 Qd6+ 46.
Kg2 Rxf3 47. Kxf3 a5 48. Qf5 h6 49. e4 a4 50. Kg2 a3 51. e5 Qf8 52. Qg6+ Qg7 53. Qe6+ Qf7 54. Qc8+ Kg7 55. e6 Qe7 56. Qa8 Qc5 57. Qe8 a2 58. Qf7+ Kh8 59. e7 Qxe7 60.
Qxe7 a1=Q 61. Qd8+ Kg7 62. Qxc7+ Kg8 63. Qd8+ Kg7 64.
Qe7+ Kg8 65. d6 Qa8+ 66. Kh2 Qf3 67. Qe3 Qf7 68. Kg2 Qxc4 69. Qe5 Qc6+ 70. Kg3 Qd7 71. Qf6 1-0

[Event "*** Biggest EVER Titled Tuesday"]
[Site "Chess.com"]
[Date "2018.04.17"]
[Round "9"]
[White "Superfelix"]
[Black "DACF2905"]
[Result "1/2-1/2"]
[WhiteElo "2342"]
[BlackElo "2047"]
[TimeControl "180+2"]
[EndTime "15:11:38 PDT"]
[Termination "Game drawn - insufficient material"]

1. e4 c5 2. Nf3 e6 3. g3 b6 4.
Bg2 Bb7 5. Qe2 d6 6. O-O Nd7 7. b3 Ngf6 8. d3 e5 9. Nbd2 g6 10. Nc4 Qc7 11. a4 a6 12. Nh4 Bg7 13. f4 b5 14. axb5 axb5 15. Rxa8+ Bxa8 16. Ne3 O-O 17. f5 Rc8 18. g4 g5 19. Nf3 h6 20. h4 Nh7 21. hxg5 hxg5 22. f6 Bxf6 23. Nf5 Ndf8 24. c4 bxc4 25. bxc4 Ng6 26. Be3 Nf4 27. Bxf4 exf4 28.
Rb1 Rb8 29. Qc2 Rb6 30. Rxb6 Qxb6 31. Qa4 Bc6 32. Qa2 Bd7 33. Qa8+ Nf8 34. Kh2 Bxf5 35. exf5 Kg7 36. Nd2 Be5 37. Qf3 Nd7 38. Ne4 Nf6 39. Nxg5 Qb2 40. Kh3 Qb8 41. Kh2 Qh8+ 42. Bh3 Qh4 43. Ne4 Nh7 44. Kg2 Qe1 45. g5 Qh4 46. f6+ Kf8 47. Qg4 Qxg4+ 48. Bxg4 Kg8 49. Kf3 Nf8 50.
Bf5 Ng6 51. Bxg6 fxg6 52. Nf2 Kf7 53. Ke4 Ke6 54. Nh3 f3 55. Kxf3 Kf5 56. f7 Bg7 57. Ke3 Kg4 58. Nf2+ Kxg5 59. Ne4+ Kf5 60. Nxd6+ Ke6 61.
Ne4 Bd4+ 62. Kf4 Kxf7 63. Nd6+ Kf6 64. Ne4+ Ke6 65. Kg5 Ke5 66. Kg4 Ke6 67. Kf3 Kf5 68.
Ng3+ Kg5 69. Ne4+ Kh4 70. Ng3 Kh3 71. Ne4 Kh4 72. Ng3 Kg5 73. Ne4+ Kh5 74. Ng3+ Kh4 75. Ne4 g5 76. Kg2 Kg4 77. Nd6 Kf4 78. Nf7 g4 79. Nh6 Bg7 80. Nf7 Ke3 81. Kg3 Kxd3 82. Kxg4 Kxc4 83.
Kf3 Kd3 84. Nd6 Be5 85. Nb5 Kc4 86. Na3+ Kb3 87. Nb5 Kb4 88. Na7 Kc3 89. Nb5+ Kd3 90. Kf2 c4 91. Ke1 Bf4 92. Kd1 Bd2 93. Na3 c3 94. Nc2 Bh6 95. Nb4+ Kc4 96. Nc2 Bf4 97. Na3+ Kb3 98. Nc2 Kb2 99. Ne1 Be3 100. Nc2 Bd2 101. Nb4 Kb3 102. Nc2 Bg5 103. Ne1 Bh4 104. Nc2 Bf2 105. Na1+ Kb2 106. Nc2 Kb1 107. Nb4 Ka1 108. Nc2+ Kb2 109. Nb4 Bc5 110. Nc2 Bf2 111. Nb4 Kb3 112. Nc2 Bg3 113. Na1+ Kb2 114. Nc2 Bd6 115. Ne1 Bb4 116. Nc2 Ba5 117. Ne1 Kb3 118. Nc2 Bc7 119. Na1+ Kc4 120. Nc2 Kd3 121. Ne1+ Kc4 122. Kc2 Bg3 123. Nd3 Bh4 124. Ne5+ Kb4 125. Nd3+ Kc4 126. Ne5+ Kb4 127. Nf3 Bf6 128. Ne1 Kc4 129. Nd3 Kd4 130. Nf4 Ke4 131. Ne2 Ke3 132. Nxc3 Bxc3 1/2-1/2

[Event "*** Biggest EVER Titled Tuesday"]
[Site "Chess.com"]
[Date "2018.04.17"]
[Round "9"]
[White "MikaelyanArman"]
[Black "Sanan_Sjugirov"]
[Result "0-1"]
[WhiteElo "2612"]
[BlackElo "2822"]
[TimeControl "180+2"]
[EndTime "15:13:56 PDT"]
[Termination "Sanan_Sjugirov won on time"]

1. Nf3 c5 2. c4 Nc6 3. Nc3 e5 4.
g3 g6 5. Bg2 Bg7 6. O-O Nge7 7.
d3 O-O 8. a3 d6 9. Rb1 a5 10.
Bd2 Rb8 11. Qc2 h6 12. Qc1 Kh7 13. Ne1 Be6 14. Nc2 f5 15. b4 axb4 16. axb4 f4 17. bxc5 dxc5 18. Qa3 b6 19. Ne4 Qd7 20. Qa6 Qc7 21.
Nc3 Bc8 22. Qa4 Bd7 23. Qb3 fxg3 24. hxg3 Nd4 25. Nxd4 exd4 26. Nb5 Qe5 27. e4 dxe3 28. Bxe3 Rbd8 29. Rbe1 Qf6 30. Bf4 Bxb5 31. cxb5 Nf5 32.
Be5 Qe7 33. Bxg7 Qxg7 34. Qe6 Rf6 35. Qe4 Nd4 36. Rb1 Re6 37. Qg4 h5 38. Qh3 Rf8 39.
Be4 Kh8 40. Kg2 Ref6 41. Rb2 Ne6 42. Qh4 Nd4 43. Ra2 Qe7 44. Qh3 Kg7 45. Rb2 R8f7 46. Qh4 Qd6 47. Qg5 Ne6 48. Qe3 Qe5 49. Re2 Nd4 50. Ra2 Nf5 51. Bxf5 Qxf5 52. Re2 Qd7 53. Qe4 Qxb5 54. Ra1 Qd7 55. Ra8 Qc6 56. Qxc6 Rxc6 57. Ree8 Kf6 58. Rab8 Rd7 59. Rf8+ Ke5 60. Rbe8+ Kd4 61.
Rf3 Kc3 62. d4+ Kxd4 63. Re1 Rcd6 64. Rd1+ Kc4 65. Rc1+ Kd5 66. Rb1 Kc6 67. Rf8 Rc7 68. Rb8 Rb7 69. Rc8+ Kd7 70. Rg8 c4 71. Kf3 Kc6 72.
Rc1 b5 73. Rc8+ Rc7 74. Rb8 Kc5 75. Rb1 Rb6 76. Re8 Rd7 77. Re5+ Rd5 78. Re8 c3 79. Ke4 Rd4+ 80. Ke3 Rdd6 81. Re5+ Rd5 82. Re8 Rdd6 83. Re5+ Rd5 84. Re8 b4 85. Rc8+ Kb5 86. Rxc3 Re6+ 87. Kf3 Rf5+ 88. Kg2 Re2 89. Rc8 Rfxf2+ 90. Kg1 Rg2+ 91.
Kf1 Ref2+ 92. Ke1 Rb2 93. Rb8+ Kc6 94. Rc1+ Kd7 95. Kf1 Rbf2+ 96. Ke1 Re2+ 97. Kf1 Ref2+ 98. Ke1 Rb2 99. Kf1 Ke6 100. Rb6+ Kf5 101. Rc5+ Ke4 102. Rxg6 Rgf2+ 103.
Kg1 Rfd2 104. Rc1 Rg2+ 105. Kf1 Rbf2+ 106. Ke1 Rg1+ 107. Kxf2 Rxc1 108. Rb6 Rc2+ 109. Ke1 Ke3 110. Kd1 Rd2+ 111. Kc1 Rd5 112. Rxb4 Kf2 113. Rb3 Rg5 114. Kd2 Rxg3 115. Rb5 h4 116. Rh5 h3 117. Rh8 Kg2 118. Ke2 h2 119. Rf8 h1=Q 120. Rf2+ Kh3 121. Rf8 Qe4+ 122. Kf2 Rg2+ 0-1

[Event "*** Biggest EVER Titled Tuesday"]
[Site "Chess.com"]
[Date "2018.04.17"]
[Round "10"]
[White "Quiet_Desperation"]
[Black "muran29"]
[Result "1-0"]
[WhiteElo "2393"]
[BlackElo "2308"]
[TimeControl "180+2"]
[EndTime "15:15:27 PDT"]
[Termination "Quiet_Desperation won by resignation"]

1. e4 c6 2. Nc3 d5 3. Nf3 Bg4 4. h3 Bxf3 5. Qxf3 e6 6. d4 Nd7 7. exd5 exd5 8. Bd3 Ngf6 9. Bg5 Be7 10. O-O-O O-O 11. Kb1 a5 12. h4 a4 13. g4 b5 14. Bxf6 Bxf6 15. g5 Bxd4 16. Bxh7+ Kxh7 17. Rxd4 Ne5 18. Qf5+ 1-0

[Event "*** Biggest EVER Titled Tuesday"]
[Site "Chess.com"]
[Date "2018.04.17"]
[Round "10"]
[White "aa175"]
[Black "Denis0027"]
[Result "0-1"]
[WhiteElo "1877"]
[BlackElo "2272"]
[TimeControl "180+2"]
[EndTime "15:15:41 PDT"]
[Termination "Denis0027 won by resignation"]

1. e4 c6 2. d4 d5 3. exd5 cxd5 4. Nf3 Nc6 5. Be2 Bf5 6. O-O e6 7. c3 Bd6 8. Nbd2 Nf6 9. Re1 O-O 10. Nf1 h6 11.
Ng3 Bh7 12. h3 a6 13. Be3 b5 14. a4 b4 15. Qd2 Na5 16. Bd1 Bxg3 17. fxg3 Ne4 18.
Qf2 Nxf2 0-1

[Event "*** Biggest EVER Titled Tuesday"]
[Site "Chess.com"]
[Date "2018.04.17"]
[Round "10"]
[White "itisabigworld"]
[Black "AbdAlAgathos"]
[Result "1-0"]
[WhiteElo "2295"]
[BlackElo "2334"]
[TimeControl "180+2"]
[EndTime "15:16:31 PDT"]
[Termination "itisabigworld won by resignation"]

1. e4 e6 2. b3 b6 3. Bb2 Bb7 4.
Nc3 c5 5. Nf3 Nc6 6. g3 Nge7 7.
Bg2 Ng6 8. O-O d6 9. d4 cxd4 10.
Nxd4 Be7 11. f4 O-O 12. f5 exf5 13. exf5 Nxd4 14. Bxb7 Bf6 15. Bxa8 Qxa8 16. fxg6 hxg6 17. Qd3 Rc8 18. Rxf6 gxf6 19. Qxd4 Qf3 20. Rf1 1-0

[Event "*** Biggest EVER Titled Tuesday"]
[Site "Chess.com"]
[Date "2018.04.17"]
[Round "10"]
[White "sandager"]
[Black "hblanco"]
[Result "1-0"]
[WhiteElo "1922"]
[BlackElo "2256"]
[TimeControl "180+2"]
[EndTime "15:17:28 PDT"]
[Termination "sandager won by resignation"]

1. e4 c5 2. Nf3 g6 3. d4 cxd4 4. Nxd4 Nc6 5. Nc3 Bg7 6. Be3 Nf6 7. Bc4 Qa5 8. O-O O-O 9. Bb3 d6 10. h3 Bd7 11. f4 Rac8 12. Qf3 Rfe8 13. Rad1 Nxd4 14.
Bxd4 Bc6 15. Nd5 Bxd5 16. exd5 Nd7 17. Bxg7 Kxg7 18. Rde1 Nc5 19. f5 Nd7 20. fxg6 Ne5 21. Rxe5 1-0

[Event "*** Biggest EVER Titled Tuesday"]
[Site "Chess.com"]
[Date "2018.04.17"]
[Round "10"]
[White "Zaven_ChessMood"]
[Black "nihalsarin"]
[Result "1-0"]
[WhiteElo "2874"]
[BlackElo "2748"]
[TimeControl "180+2"]
[EndTime "15:18:24 PDT"]
[Termination "Zaven_ChessMood won by resignation"]

1. e4 e5 2. Nf3 Nc6 3. Bc4 Bc5 4. c3 Nf6 5. d3 O-O 6. O-O d5 7. exd5 Nxd5 8. a4 a6 9. Nbd2 Nb6 10. Ba2 Bf5 11. Ne4 Be7 12. Re1 Nd7 13. b4 Nf6 14. Qc2 Nxe4 15. dxe4 Bg6 16. b5 axb5 17. axb5 Na7 18.
Nxe5 Nxb5 19. Nxg6 hxg6 20. e5 Bc5 21. e6 fxe6 22.
Bxe6+ Kh7 23. Rxa8 Qxa8 24. Kh1 Qd8 25. Re5 Qh4 26.
g3 Rxf2 27. Qxf2 1-0

[Event "*** Biggest EVER Titled Tuesday"]
[Site "Chess.com"]
[Date "2018.04.17"]
[Round "10"]
[White "2165149677570"]
[Black "DishonorOnYourCow"]
[Result "1-0"]
[WhiteElo "2115"]
[BlackElo "2291"]
[TimeControl "180+2"]
[EndTime "15:18:50 PDT"]
[Termination "2165149677570 won by resignation"]

1. d4 Nf6 2. Nf3 d5 3. Bf4 g6 4. e3 Bg7 5. Bd3 O-O 6. O-O c5 7. c3 b6 8. Nbd2 Bb7 9. Ne5 Nc6 10. Qe2 Nd7 11. Nxc6 Bxc6 12. dxc5 bxc5 13. e4 d4 14. e5 Qc7 15. Rfe1 dxc3 16. bxc3 e6 17. Nc4 Nb6 18. Nd6 Nd5 19. Bd2 Rad8 20. f4 Ba8 21. c4 Ne7 22. Be4 Nf5 23. Bxa8 Rxa8 24. Nxf5 gxf5 25.
Be3 Rfd8 26. Bf2 Bf8 27. Qh5 Be7 28. Re3 Kh8 29. Rh3 1-0

[Event "*** Biggest EVER Titled Tuesday"]
[Site "Chess.com"]
[Date "2018.04.17"]
[Round "10"]
[White "guillembaches"]
[Black "Nutflush"]
[Result "1-0"]
[WhiteElo "2236"]
[BlackElo "2022"]
[TimeControl "180+2"]
[EndTime "15:18:53 PDT"]
[Termination "guillembaches won by resignation"]

1. d4 Nf6 2. Bf4 d5 3. e3 c5 4. c3 Nc6 5. Nd2 e6 6. Bd3 cxd4 7. exd4 Bd6 8. Bg3 b6 9. Ngf3 Bb7 10. Ne5 Qc7 11. f4 Nd7 12. Qh5 Nf6 13. Qh3 O-O-O 14.
O-O g6 15. Bh4 Be7 16. Nxf7 Ne4 17. Qxe6+ Kb8 18. Nxd8 Bxh4 19. Nxc6+ Bxc6 20. Nxe4 dxe4 21. Bxe4 1-0

[Event "*** Biggest EVER Titled Tuesday"]
[Site "Chess.com"]
[Date "2018.04.17"]
[Round "10"]
[White "Sebastian"]
[Black "SenseiJulio"]
[Result "1-0"]
[WhiteElo "2775"]
[BlackElo "2627"]
[TimeControl "180+2"]
[EndTime "15:19:24 PDT"]
[Termination "Sebastian won by resignation"]

1. d4 e6 2. Nf3 f5 3. g3 Nf6 4.
Bg2 d5 5. O-O Bd6 6. c4 O-O 7.
Qc2 c6 8. Ne5 Nbd7 9. Bf4 Bxe5 10.
dxe5 Ng4 11. cxd5 cxd5 12. Qc3 g5 13. Bc1 Ngxe5 14. b3 Nc6 15. Qe3 Qf6 16. Qxg5+ Qxg5 17. Bxg5 b6 18. Nc3 Ba6 19. Nxd5 Rac8 20. Rac1 Kf7 21. Rxc6 Rxc6 22. Nb4 Rc5 23. Nxa6 Rc2 24. Nb4 Rxe2 25. Bf3 Rb2 26. Ra1 Ne5 27. Bh5+ Kg8 28. Bc1 1-0

[Event "*** Biggest EVER Titled Tuesday"]
[Site "Chess.com"]
[Date "2018.04.17"]
[Round "10"]
[White "Marcin"]
[Black "Bigfish1995"]
[Result "0-1"]
[WhiteElo "2302"]
[BlackElo "2751"]
[TimeControl "180+2"]
[EndTime "15:19:37 PDT"]
[Termination "Bigfish1995 won by resignation"]

1. d4 Nf6 2. c4 e6 3. g3 d5 4. Nf3 Be7 5. Bg2 O-O 6. O-O dxc4 7.
Qc2 a6 8. Qxc4 b5 9. Qc2 Bb7 10.
Bd2 Be4 11. Qb3 Nc6 12. e3 Bd5 13. Qc2 Be4 14. Qb3 b4 15. Rc1 a5 16. a4 Rc8 17.
Ne1 Bxg2 18. Kxg2 Nb8 19. Nd3 c5 20. dxc5 Ne4 21. Be1 Nd7 22. Nd2 Ndxc5 23. Nxc5 Nxc5 24. Qc4 Nd3 25. Qxc8 Nxe1+ 26. Kf1 Qxd2 27. Qxf8+ Bxf8 28. Rxe1 Qxb2 29. Rac1 b3 30. Rc8 Qa2 31. Rd1 b2 32.
Rb8 g6 33. h4 Kg7 34. h5 Bb4 35. hxg6 0-1

[Event "*** Biggest EVER Titled Tuesday"]
[Site "Chess.com"]
[Date "2018.04.17"]
[Round "10"]
[White "champ2005"]
[Black "PchelkinVK"]
[Result "1-0"]
[WhiteElo "2617"]
[BlackElo "2434"]
[TimeControl "180+2"]
[EndTime "15:19:42 PDT"]
[Termination "champ2005 won on time"]

1. e4 e6 2. d4 d5 3. Nc3 Nf6 4. Bg5 Bb4 5. e5 h6 6. Bd2 Bxc3 7. bxc3 Ne4 8. Qg4 Kf8 9. Bd3 Nxd2 10. Kxd2 c5 11. h4 Nc6 12. Nf3 c4 13. Be2 Bd7 14. Rh3 Ne7 15. h5 b5 16. Nh4 Nf5 17. Nxf5 exf5 18.
Qf4 Qg5 19. Rf3 Qxh5 20. Rg3 Qh2 21. Qf3 Qh4 22. Qxd5 Qf4+ 23. Ke1 Rd8 24. Qd6+ Ke8 25. Rxg7 h5 26. Rxf7 1-0

[Event "*** Biggest EVER Titled Tuesday"]
[Site "Chess.com"]
[Date "2018.04.17"]
[Round "10"]
[White "DACF2905"]
[Black "Bauxi435"]
[Result "0-1"]
[WhiteElo "2045"]
[BlackElo "2425"]
[TimeControl "180+2"]
[EndTime "15:19:50 PDT"]
[Termination "Bauxi435 won by resignation"]

1. e4 c5 2. Nf3 e6 3. d4 cxd4 4. Nxd4 Nf6 5. Bd3 Nc6 6. Nb3 d5 7. exd5 Qxd5 8. O-O Bd6 9. Nc3 Qe5 10. f4 Bc5+ 11. Nxc5 Qxc5+ 12. Kh1 h5 13. Ne4 Nxe4 14.
Bxe4 Bd7 15. c3 g6 16. Qf3 h4 17. Be3 Qb5 18. b4 Qc4 19. Bc5 Rc8 20. Rfd1 b6 21. Bd3 Qxc3 22. Rac1 Qa3 23. Bd6 h3 24. b5 Qxd6 25.
bxc6 hxg2+ 26. Kg1 Rxc6 27. Rxc6 Bxc6 28. Be4 Bxe4 29. Qxe4 Qxd1+ 30. Kxg2 O-O 0-1

[Event "*** Biggest EVER Titled Tuesday"]
[Site "Chess.com"]
[Date "2018.04.17"]
[Round "10"]
[White "IMAghasiyevKamal"]
[Black "Superfelix"]
[Result "0-1"]
[WhiteElo "2478"]
[BlackElo "2353"]
[TimeControl "180+2"]
[EndTime "15:20:00 PDT"]
[Termination "Superfelix won by resignation"]

1. e4 c6 2. d4 g6 3. Nc3 d5 4.
Nf3 dxe4 5. Nxe4 Nf6 6. Nxf6+ exf6 7. Bc4 Bg7 8. O-O O-O 9. h3 a5 10. a4 Na6 11. c3 Nc7 12. Qb3 Nd5 13. Re1 Nb6 14.
Bd3 Be6 15. Rxe6 fxe6 16. Qxe6+ Rf7 17. Bf4 Qd5 18. Qe2 Kh8 19. Re1 Bf8 20. Nd2 Re7 21.
Be3 Rae8 22. Nc4 Nxc4 23. Bxc4 Qd6 24. Qf3 Bh6 25. h4 Bxe3 26. fxe3 f5 27. h5 Kg7 28.
Re2 Re4 29. g3 Qf6 30. Bd3 Rg4 31. hxg6 hxg6 32. Rh2 Qg5 33. Kf2 Rxg3 34. Qxg3 Qxg3+ 35. Kxg3 Rxe3+ 36. Kf4 Rxd3 37. Ke5 Re3+ 38. Kd6 f4 39.
Kc7 f3 40. Kxb7 g5 41. Kxc6 g4 42. d5 g3 43. Rd2 f2 44. d6 f1=Q 45. d7 Qc4+ 46.
Kb6 Rd3 0-1

[Event "*** Biggest EVER Titled Tuesday"]
[Site "Chess.com"]
[Date "2018.04.17"]
[Round "10"]
[White "Blitzstream"]
[Black "HarutyunianTigranK"]
[Result "0-1"]
[WhiteElo "2464"]
[BlackElo "2677"]
[TimeControl "180+2"]
[EndTime "15:20:19 PDT"]
[Termination "HarutyunianTigranK won by checkmate"]

1. d4 Nf6 2. Bg5 e6 3. e4 h6 4. Bxf6 Qxf6 5. c3 Nc6 6. Bd3 e5 7. d5 Bc5 8. Qf3 Ne7 9. Qxf6 gxf6 10. Ne2 d6 11. Ng3 a6 12. f3 h5 13. c4 h4 14.
Nf5 Bxf5 15. exf5 Kd7 16. Nd2 Rag8 17. Ne4 Rxg2 18. Nxf6+ Kd8 19. O-O-O Bd4 20. b3 Rxa2 21. Ng4 Rh5 22. f6 Nf5 23. f4 Ne3 24. Rdg1 exf4 25.
Nf2 Rxf2 26. Rg8+ Kd7 27. Rhg1 Bxf6 28. Ra8 Rg5 29. Re1 Rgg2 30. h3 Ra2 31. Bb1 Bb2# 0-1

[Event "*** Biggest EVER Titled Tuesday"]
[Site "Chess.com"]
[Date "2018.04.17"]
[Round "10"]
[White "JustKid"]
[Black "omer1997"]
[Result "0-1"]
[WhiteElo "2454"]
[BlackElo "2147"]
[TimeControl "180+2"]
[EndTime "15:20:20 PDT"]
[Termination "omer1997 won by resignation"]

1. d4 d5 2. Bf4 c6 3. e3 Nf6 4. Nf3 Bf5 5. c4 e6 6. Nc3 Be7 7. Qb3 Qb6 8. c5 Qxb3 9. axb3 Nbd7 10. b4 Nh5 11. b5 Nxf4 12. exf4 O-O 13. b4 f6 14. bxc6 bxc6 15. Ba6 Rab8 16. b5 cxb5 17. c6 Bb4 18. Rc1 Rb6 19. cxd7 Rxa6 20. O-O Rd6 21. Nxb5 Rxd7 22. Ra1 a5 23. h3 Bd3 24. Na3 Bxf1 25. Kxf1 Rc8 26. f5 exf5 27. g4 fxg4 28. hxg4 Kf7 0-1

[Event "*** Biggest EVER Titled Tuesday"]
[Site "Chess.com"]
[Date "2018.04.17"]
[Round "10"]
[White "KRASAVCHIK2002"]
[Black "Safar_From_Afar"]
[Result "1/2-1/2"]
[WhiteElo "2042"]
[BlackElo "2279"]
[TimeControl "180+2"]
[EndTime "15:20:24 PDT"]
[Termination "Game drawn by agreement"]

1. e4 c5 2. Nf3 d6 3. d4 cxd4 4.
Nxd4 Nf6 5. Nc3 a6 6. Be3 e5 7.
Nb3 Be7 8. f3 O-O 9. Qd2 Be6 10.
O-O-O Nbd7 11. g4 b5 12. g5 b4 13. gxf6 bxc3 14. Qxc3 Nxf6 15. Na5 Rc8 16. Nc6 Qc7 17.
Nxe7+ Qxe7 18. Qa5 Rc6 19. Rd2 Nh5 20. Be2 Nf4 21. Bxf4 exf4 22. Rg1 Rfc8 23. Kb1 Qa7 24. Qg5 f6 25. Qg2 Rb8 26. b3 a5 27. a4 Bh3 28.
Qh1 Qe3 29. Bb5 Qxd2 30. Bxc6 Rc8 31. Bd5+ Kf8 32. Bc4 Rxc4 33. bxc4 Qb4+ 34. Kc1 Qxc4 35. Rd1 Qxa4 36. Qg1 Qa3+ 37. Kd2 Qxf3 38. Rb1 Qxe4 39. Qa7 Qg2+ 40. Kc1 Qh1+ 41. Kb2 Qc6 42. Re1 Bf5 43. c3 Qb5+ 44. Ka3 f3 45. Re3 1/2-1/2

[Event "*** Biggest EVER Titled Tuesday"]
[Site "Chess.com"]
[Date "2018.04.17"]
[Round "10"]
[White "TregubovP"]
[Black "DiogenesSinopeus"]
[Result "1-0"]
[WhiteElo "2578"]
[BlackElo "2432"]
[TimeControl "180+2"]
[EndTime "15:20:25 PDT"]
[Termination "TregubovP won by resignation"]

1. d4 Nf6 2. c4 e6 3. Nc3 Bb4 4. e3 O-O 5. Bd3 d5 6. Ne2 dxc4 7. Bxc4 e5 8. O-O Nc6 9. d5 Ne7 10. a3 Bd6 11. e4 a6 12. Ng3 Ng6 13. Nf5 Nxe4 14. Nh6+ gxh6 15. Nxe4 f5 16. Nxd6 cxd6 17.
Bxh6 Rf7 18. Qh5 Bd7 19. Rac1 Rc8 20. Be2 Bb5 21. Bxb5 axb5 22. g3 f4 23. Qg4 Rfc7 24.
Rxc7 Rxc7 25. h4 Kh8 26. h5 Nf8 27. Bg5 Qe8 28. Bf6+ 1-0